 Dungeon Crawl Stone Soup version 0.20-a0-261-gcb1eca7 (webtiles) character file.

45 AlphabetPasta the Chopper (level 3, -2/33 HPs)
             Began as a Hill Orc Chaos Knight on Dec 3, 2016.
             Slain by a gnoll
             ... wielding a +0 club
              (3 damage)
             ... on level 2 of the Dungeon.
             The game lasted 00:03:35 (904 turns).

AlphabetPasta the Chopper (Hill Orc Chaos Knight)    Turns: 904, Time: 00:03:36

Health: -2/33      AC:  6    Str: 15    XL:     3   Next: 64%
Magic:  3/3        EV: 11    Int: 12    God:    Xom [......]
Gold:   74         SH:  0    Dex: 12    Spells: 2/2 levels left

rFire  . . .     SeeInvis .     a - +1 hand axe (chaos)
rCold  . . .     Gourm    .     b - +3 leather armour
rNeg   . . .     Faith    .     (no shield)
rPois  .         Spirit   .     (helmet restricted)
rElec  .         Reflect  .     (no cloak)
rCorr  .         Harm     .     (no gloves)
MR     .....                    (no boots)
Stlth  +.........               (no amulet)
                                (no ring)
                                (no ring)

@: flying (expiring)
A: antennae 1, agile 1
a: Renounce Religion


You were on level 2 of the Dungeon.
You worshipped Xom.
You were a very special plaything of Xom.
You were not hungry.

You visited 1 branch of the dungeon, and saw 2 of its levels.

You collected 74 gold pieces.

Inventory:

Hand Weapons
 a - a +1 hand axe of chaos (weapon)
Missiles
 d - 17 bolts
Armour
 b - a +3 leather armour (worn)
Comestibles
 c - a bread ration
 f - 7 chunks of flesh
 g - a meat ration


   Skills:
 + Level 3.9 Fighting
 * Level 5.0 Axes
 + Level 2.8 Armour
 + Level 1.2 Dodging


You had 2 spell levels left.
You didn't know any spells.

Dungeon Overview and Level Annotations

Branches:
Dungeon (2/15)

Altars:


Innate Abilities, Weirdness & Mutations

You have a pair of small antennae on your head.
You are agile. (Dex +2)


Message History

An adder comes into view.
The adder hisses angrily.
The gnoll barely misses you.
The adder moves out of view.
The gnoll closely misses you. The gnoll hits you with a spear.
You hit the gnoll. You freeze the gnoll.
The gnoll is lightly wounded.
You barely miss the gnoll. The gnoll barely misses you. x2
The gnoll hits you but does no damage.
You hit the gnoll. You burn the gnoll.
The gnoll is almost dead.
You barely miss the gnoll. The gnoll hits you with a whip!
* * * LOW HITPOINT WARNING * * *
The gnoll barely misses you.
Unknown command.
As you read the scroll labeled ZOIM BITERYVIC, it crumbles to dust.
It is a scroll of enchant weapon.
Your +0 hand axe of chaos glows red for a moment.
The gnoll misses you. The gnoll hits you with a club.
You die...
Xom titters!

######...# ######
#....###.# #....#####
#....##..### #..%......
#....##....####........#
#....#.........)........
#.......##..........#...
l #....#..######..##.S..
#...............#..###
#.>..#.########g@..#
#....#.# #.gg..#
#......# #........
##....## #.#.#.####
......## #.#...#
.......# .....#..
.......# ..>.... ..
......<###........ ...
....)..........


You could see 3 gnolls and an adder.

Vanquished Creatures
  A gnoll (D:2)
  A dart slug (D:1)
  A leopard gecko (D:1)
  2 giant cockroaches
  3 goblins
  5 hobgoblins
  3 jackals (D:2)
  6 kobolds
  3 bats
  2 frilled lizards (D:1)
  2 rats (D:1)
29 creatures vanquished.

Notes
Turn   | Place    | Note
-------+----------+-------------------------------------------
     0 | D:1      | AlphabetPasta the Hill Orc Chaos Knight began the quest for the Orb.
     0 | D:1      | Reached XP level 1. HP: 19/19 MP: 1/1
    12 | D:1      | XOM: divination: magic mapping
   215 | D:1      | Reached skill level 1 in Dodging
   230 | D:1      | Reached XP level 2. HP: 27/27 MP: 2/2
   353 | D:1      | XOM: cloud trail
   637 | D:1      | XOM: silly message
   672 | D:1      | XOM: harmless Chrm miscast
   678 | D:1      | XOM: silly message
   789 | D:2      | Reached XP level 3. HP: 33/33 MP: 3/3
   835 | D:2      | XOM: give mutations
   835 | D:2      | Gained mutation: You have a pair of small antennae on your head. [Xom's grace]
   835 | D:2      | Gained mutation: You are agile. (Dex +2) [Xom's grace]
   890 | D:2      | XOM: divination: detect creatures
   899 | D:2      | Reached skill level 5 in Axes
   903 | D:2      | HP: 1/33 [gnoll/whip (10)]
   904 | D:2      | Slain by a gnoll

Vault maps used:
D:1:      dpeg_arrival_arbitrary_b, minmay_crystal_room, minmay_misc_feat_alley
D:2:      first_bread, uniq_sigmund

Skill      XL: |  1  2  3 |
---------------+----------+-----
Dodging        | 1 |  1.2
Axes           | 5 |  5.0
Fighting       | |  3.9
Armour         | |  2.8

Action                   || total
-------------------------++-------
Melee: Hand axe          ||    81
  Use: Potion            ||     3
       Scroll            ||     4
Armor: Leather armour    ||    31
Dodge: Dodged            ||    58
